 Dungeon Crawl Stone Soup version 0.29.1-12-g30fa7ad0bf (webtiles) character file.

Game seed: 13637444868889086175

4399 fishmans the Basher (level 10, -1/56 HPs)
             Began as a Gargoyle Fighter on Jan 6, 2023.
             Was a Priest of Okawaru.
             Slain by a fire dragon (13 damage)
             ... on level 9 of the Dungeon.
             The game lasted 00:37:48 (10004 turns).

fishmans the Basher (Gargoyle Fighter)             Turns: 10004, Time: 00:37:49

Health: -1/56      AC: 19    Str: 21    XL:     10   Next: 35%
Magic:  7/10       EV: 13    Int: 18    God:    Okawaru [***...]
Gold:   251        SH:  5    Dex:  9    Spells: 9/9 levels left

rFire   . . .      SeeInvis .   b - +9 eveningstar (holy)
rCold   . . .      Faith    .   c - +0 buckler
rNeg    + . .      Spirit   .   h - +0 chain mail
rPois   ∞          Reflect  .   w - +0 helmet
rElec   +          Harm     .   (no cloak)
rCorr   .          Rampage  .   (no gloves)
Will    .....                   (no boots)
Stlth   ..........              (no amulet)
HPRegen 0.18/turn               r - +4 ring of evasion
MPRegen 0.12/turn               f - +6 ring of intelligence

@: heroic
A: sickness immunity, AC +7, negative energy resistance 1, electricity
resistance, torment resistance 1, petrification resistance
a: Renounce Religion, Heroism


You were on level 9 of the Dungeon.
You worshipped Okawaru.
Okawaru was most pleased with you.
You visited 1 branch of the dungeon, and saw 9 of its levels.
You also visited: Sewer.

You collected 511 gold pieces.
You spent 260 gold pieces at shops.

Inventory:

Hand Weapons
 b - a +9 eveningstar of holy wrath (weapon)
Missiles
 n - 20 poisoned darts (quivered)
 q - 3 curare-tipped darts
 z - a throwing net
 H - 3 atropa-tipped darts
Armour
 c - a +0 buckler (worn)
 h - a +0 chain mail (worn)
 w - a +0 helmet (worn)
Jewellery
 d - a ring of wizardry
 f - a +6 ring of intelligence (right hand)
 m - a ring of magical power
 r - a +4 ring of evasion (left hand)
 C - an amulet of magic regeneration
Wands
 v - a wand of roots (5)
Scrolls
 a - a scroll of enchant weapon
 g - a scroll of immolation
 o - a scroll of noise {unknown}
 p - a scroll of poison {unknown}
 s - 2 scrolls of teleportation
 t - a scroll of vulnerability {unknown}
 y - a scroll of blinking {unknown}
 D - a scroll of silence {unknown}
 E - a scroll of identify
 F - a scroll of enchant armour {unknown}
 G - a scroll of fear {unknown}
Potions
 e - 2 potions of magic
 i - a potion of invisibility
 j - 2 potions of attraction
 k - 4 potions of flight
 l - 3 potions of haste
 u - 2 potions of lignification
 x - a potion of curing
 A - a potion of cancellation {unknown}
 B - a potion of mutation {unknown}


   Skills:
 - Level 3.2(8.2) Fighting
 + Level 14.7(19.7) Maces & Flails
 - Level 3.2(8.2) Armour
 - Level 3.2(8.2) Shields


You had 9 spell levels left.
You didn't know any spells.
Your spell library contained the following spells:

 Spells                   Type           Power      Damage    Failure   Level
 Freeze                   Ice            0%         1d3       89%         1
 Slow                     Hex            0%         N/A       89%         1
 Wereblood                Tmut           0%         N/A       96%         2
 Confusing Touch          Hex            0%         N/A       99%         3
 Frozen Ramparts          Ice            0%         1d1       99%         3
 Gell's Gravitas          Tloc           0%         N/A       99%         3
 Teleport Other           Tloc           0%         N/A       99%         3
 Vampiric Draining        Necr           0%         2d6       99%         3
 Hailstorm                Conj/Ice       0%         3d3       100%        4
 Ice Form                 Ice/Tmut       0%         N/A       100%        4
 Dispersal                Tloc           0%         N/A       100%        6
 Sublimation of Blood     Necr           Unusable   N/A       N/A         2
 Summon Ice Beast         Ice/Summ       Unusable   N/A       N/A         4
 Summon Hydra             Summ           Unusable   N/A       N/A         7

Dungeon Overview and Level Annotations

Branches:
Dungeon (9/15)             Temple (0/1) D:5           Sewer (visited)
   Lair: D:8-11         Orc: D:9-12

Altars:
Ashenzari
Hepliaklqana
Kikubaaqudgha
Okawaru
Qazlal
Trog
Uskayaw
Zin

Shops:
D:7 *   D:9 *

Annotations:
D:7 1 runed translucent door, ctx's ghost, amateur GnEE
D:8 3 runed translucent doors, Barsook's ghost, novice DsFi; Cheops's ghost, novice MiFi; mkat's ghost, novice GnFi


Innate Abilities, Weirdness & Mutations

You are immune to sickness and miasma.
Your stone body is resilient. (AC +7)
You are immune to poison.
You resist negative energy. (rN+)
You are resistant to electric shocks. (rElec)
You are resistant to unholy torment.
You are immune to petrification.


Message History

The fire dragon closely misses you. The fire dragon claws you.
The fire dragon tramples you but does no damage.
You hit the fire dragon.
The fire dragon is severely wounded.
You barely miss the fire dragon.
The fire dragon is severely wounded.
The fire dragon misses you.
The fire dragon claws you but does no damage.
You block the fire dragon's attack.
You closely miss the fire dragon.
The fire dragon is severely wounded.
The fire dragon bites you but does no damage.
The fire dragon claws you but does no damage.
The fire dragon tramples you but does no damage.
You barely miss the fire dragon.
The fire dragon is severely wounded.
The fire dragon bites you. The fire dragon claws you.
The fire dragon barely misses you.
You feel better. The fire dragon misses you.
The fire dragon claws you but does no damage.
The fire dragon barely misses you.
You puncture the fire dragon!
The fire dragon is severely wounded.
You hit the fire dragon.
The fire dragon is severely wounded.
You feel like a meek peon again. The fire dragon bites you!
The fire dragon claws you but does no damage.
The fire dragon tramples you.
You hold your ground!
You thump the fire dragon!
The fire dragon is almost dead.
The fire dragon breathes flames at you. The blast of flame hits you!
* * * LOW HITPOINT WARNING * * *
You feel better. The fire dragon barely misses you.
The fire dragon claws you but does no damage.
The fire dragon tramples you but does no damage.
You gain the combat prowess of a mighty hero.
The fire dragon bites you!
You die...

...# #...................#....
...######...............#...#....
........................#####...<
##############.#####.... .....
#.#####.... ..... #....## ####)#
### ##)# ..#### #@)# .....##
######D## ......#####......#
..........D.###### ........#####
......### ≈....## §..### ####


You could see a fire dragon (catching breath).

Vanquished Creatures
  A hornet (D:9)
  6 yaks (D:9)
  Menkaure (D:5)
  2 water moccasins
  2 black bears
  An orc warrior (D:9)
  Pargi (Sewer)
  An ice beast (D:6)
  2 sky beasts
  2 ogres
  A phantom (D:7)
  A centaur (D:7)
  4 kobold brigands
  3 bullfrogs
  2 scorpions
  A gnoll sergeant (D:8)
  5 wights (D:7)
  5 killer bees (D:9)
  2 howler monkeys (D:9)
  3 orc priests
  2 hounds (D:5)
  A jelly (D:7)
  A gnoll bouda (D:4)
  5 iguanas
  4 orc wizards
  9 adders
  14 gnolls
  A shadow imp (D:5)
  3 white imps
  An ufetubus (D:6)
  4 worms
  3 dart slugs
  14 orcs
  9 ball pythons
  5 endoplasms
  2 giant cockroaches
  18 goblins
  8 hobgoblins
  3 jackals (D:2)
  5 quokkas
  8 bats
  3 frilled lizards (D:1)
  22 kobolds
  6 rats
197 creatures vanquished.

Vanquished Creatures (others)
  23 plants
  4 withered plants (D:8)
27 creatures vanquished.

Grand Total: 224 creatures vanquished

Notes
Turn   | Place    | Note
-------+----------+-------------------------------------------
     0 | D:1      | fishmans the Gargoyle Fighter began the quest for the Orb.
     0 | D:1      | Reached XP level 1. HP: 14/14 MP: 1/1
   182 | D:1      | Reached XP level 2. HP: 19/19 MP: 2/2
   267 | D:1      | Reached skill level 3 in Maces & Flails
   720 | D:1      | Reached XP level 3. HP: 17/23 MP: 3/3
  1011 | D:1      | Found a faded altar of an unknown god.
  1177 | D:1      | Identified a scroll of acquirement
  1177 | D:1      | Acquired a +7 eveningstar of holy wrath
  1332 | D:2      | Reached skill level 4 in Maces & Flails
  1633 | D:2      | Reached XP level 4. HP: 28/28 MP: 4/4
  2538 | D:3      | Noticed a water moccasin
  2544 | D:3      | Killed a water moccasin
  2545 | D:3      | Reached skill level 5 in Maces & Flails
  2545 | D:3      | Reached XP level 5. HP: 30/32 MP: 5/5
  2642 | D:3      | Reached skill level 6 in Maces & Flails
  2642 | D:3      | Found a glowing drain.
  2669 | Sewer    | Entered a sewer
  2684 | Sewer    | Reached XP level 6. HP: 35/37 MP: 6/6
  2708 | Sewer    | Noticed Pargi
  2721 | Sewer    | Killed Pargi
  3483 | D:4      | Found an iron altar of Okawaru.
  3491 | D:4      | Became a worshipper of Warmaster Okawaru
  3510 | D:4      | Reached skill level 7 in Maces & Flails
  3649 | D:4      | Found a bloodstained altar of Trog.
  3651 | D:4      | Found a stormy altar of Qazlal.
  3711 | D:4      | Found a hazy altar of Hepliaklqana.
  4309 | D:4      | Reached XP level 7. HP: 20/41 MP: 7/7
  5105 | D:5      | Entered Level 5 of the Dungeon
  5117 | D:5      | Reached skill level 8 in Maces & Flails
  5156 | D:5      | Noticed Menkaure
  5178 | D:5      | Killed Menkaure
  5380 | D:5      | Found a glowing silver altar of Zin.
  5583 | D:5      | Found a broken altar of Ashenzari.
  5688 | D:5      | Reached skill level 9 in Maces & Flails
  5688 | D:5      | Reached XP level 8. HP: 46/46 MP: 8/8
  5743 | D:5      | Found a staircase to the Ecumenical Temple.
  5749 | D:5      | Reached * piety under Okawaru
  6140 | D:6      | Reached skill level 10 in Maces & Flails
  6606 | D:6      | Noticed a +0 dagger
  6607 | D:6      | Found a hide-covered altar of Uskayaw.
  6607 | D:6      | Noticed a +0 dagger
  7085 | D:7      | Reached skill level 11 in Maces & Flails
  7115 | D:7      | Found an ancient bone altar of Kikubaaqudgha.
  7133 | D:7      | Reached XP level 9. HP: 33/51 MP: 9/9
  7268 | D:7      | Reached ** piety under Okawaru
  7402 | D:7      | Found Hicsig's Neck Hole.
  7490 | D:7      | Reached skill level 12 in Maces & Flails
  7495 | D:7      | Identified the ring of Jualept {Ice MP+9 Str-2 Int-3
                  | Slay+5}
  7503 | D:7      | Found a runed translucent door.
  7506 | D:7      | Noticed ctx's ghost (amateur GnEE)
  7507 | D:7      | Noticed a white ugly thing
  8466 | D:8      | Found a runed translucent gate.
  8466 | D:8      | Found a runed translucent gate.
  8466 | D:8      | Found a runed translucent gate.
  8466 | D:8      | Noticed Cheops's ghost (novice MiFi)
  8466 | D:8      | Noticed Barsook's ghost (novice DsFi)
  8467 | D:8      | Noticed mkat's ghost (novice GnFi)
  8861 | D:8      | Reached skill level 13 in Maces & Flails
  9318 | D:9      | Found Kear Puthi's General Store.
  9326 | D:9      | Bought 2 potions of haste for 260 gold pieces
  9333 | D:9      | Noticed a hornet
  9342 | D:9      | Killed a hornet
  9415 | D:9      | Reached *** piety under Okawaru
  9418 | D:9      | Reached XP level 10. HP: 49/56 MP: 10/10
  9493 | D:9      | Reached skill level 14 in Maces & Flails
  9967 | D:9      | Noticed a fire dragon
 10004 | D:9      | Slain by a fire dragon

Illustrated notes

Levels and vault maps discovered:
D:1:      roderic_octagonal_star, layout_basic,
          shapermc_ecumenical_altar_hornbeckon
D:2:      wad_woods_pond, layout_basic, minmay_ruptured
D:3:      layout_basic, portal_sewer_entry_a
D:4:      layout_basic, okawaru_ov_weapons_minmay,
          nicolae_overflow_hidden_temple, minmay_ogre_servants
D:5:      layout_rooms, zin_academy, mainiacjoe_overflow_24_doors,
          minmay_temple_entry_hall, uniq_menkaure
D:6:      layout_rooms, dancing_weapons_uskayaw, sigmund_army
D:7:      layout_rooms, mainiacjoe_overflow_chevrons, ebering_ghost_inner_flame,
          nicolae_shop_sticking_my_neck_out
D:8:      layout_gridville, gammafunk_ghost_cemetery
D:9:      dragon1_lemuel, layout_irregular_city, serial_shops,
          nicolae_shop_window_shopping, kennysheep_generic_room_8

Skill      XL: |  1  2  3  4  5  6  7  8  9 10 |
---------------+-------------------------------+-----
Maces & Flails | 3 4 5 6 7 9 11 13 14 | 14.7
Fighting       | |  3.2
Armour         | |  3.2
Shields        | |  3.2

Action                   |  1- 3 |  4- 6 |  7- 9 | 10-12 || total
-------------------------+-------+-------+-------+-------++-------
Melee: Flail             |    67 |       |       |       ||    67
       Eveningstar       |    30 |    70 |   216 |    69 ||   385
Throw: Dart              |       |       |    15 |     9 ||    24
Invok: Heroism           |       |       |     1 |     2 ||     3
  Use: Scroll            |     1 |     4 |     6 |       ||    11
       Potion            |       |     3 |     1 |     2 ||     6
Armor: Scale mail        |    28 |       |       |       ||    28
       Chain mail        |    24 |    56 |    83 |    25 ||   188
Dodge: Dodged            |    31 |    41 |   110 |    21 ||   203
Block: Buckler           |    14 |    16 |    34 |    11 ||    75
